 Dungeon Crawl Stone Soup version 0.26-a0-639-g72c4674329 (webtiles) character file.

Game seed: 8178627767965284724

288 PentaManta the Chopper (level 6, -7/47 HPs)
             Began as a Formicid Abyssal Knight on Sept 20, 2020.
             Was a Believer of Lugonu.
             Mangled by Duvessa
             ... wielding a +0 rapier
              (9 damage)
             ... on level 4 of the Dungeon.
             The game lasted 00:06:01 (4025 turns).

PentaManta the Chopper (Formicid Abyssal Knight)    Turns: 4025, Time: 00:06:01

Health: -7/47      AC:  8    Str: 19    XL:     6   Next: 57%
Magic:  7/7        EV:  7    Int: 11    God:    Lugonu [**....]
Gold:   244        SH:  0    Dex: 10    Spells: 5/5 levels left

rFire    . . .     SeeInvis +   a - +2 hand axe
rCold    . . .     Faith    .   (no shield)
rNeg     . . .     Spirit   .   i - +0 chain mail
rPois    .         Reflect  .   (helmet unavailable)
rElec    .         Harm     .   (no cloak)
rCorr    .         Rampage  .   (no gloves)
MR       .....                  (no boots)
Stlth    ..........             (no amulet)
HPRegen  0.15/turn              (no ring)
MPRegen  0.10/turn              (no ring)

@: no status effects
A: permanent stasis, dig shafts and tunnels, four strong arms, antennae 3
a: Dig, Shaft Self, Depart the Abyss, Bend Space, Renounce Religion


You were on level 4 of the Dungeon.
You worshipped Lugonu.
Lugonu was pleased with you.
You visited 1 branch of the dungeon, and saw 5 of its levels.
You visited the Abyss 1 time.

You collected 244 gold pieces.

Inventory:

Hand Weapons
 a - a +2 hand axe (weapon)
 b - a +2 vampiric dagger
Missiles
 f - 30 poisoned darts (quivered)
Armour
 i - a +0 chain mail (worn)
Scrolls
 d - 3 scrolls of remove curse
 h - 2 scrolls of identify
 k - a scroll of enchant weapon
Potions
 c - 2 potions of resistance
 e - a potion of lignification {unknown}
 g - a potion of might {unknown}
 j - a potion of curing
 l - 2 potions of magic


   Skills:
 - Level 3.2 Fighting
 + Level 6.5 Axes
 - Level 2.1 Armour
 - Level 0.8 Dodging
 - Level 2.1 Invocations


You had 5 spell levels left.
You didn't know any spells.
Your spell library was empty.

Dungeon Overview and Level Annotations

Branches:
Dungeon (5/15)
 Temple: D:4-7

Altars:
Gozag
Wu Jian
Zin

Annotations:
D:4 Dowan, Duvessa


Innate Abilities, Weirdness & Mutations

You cannot be hasted, slowed, berserked, paralysed or teleported.
You can dig through walls and to a lower floor.
Your four strong arms can wield two-handed weapons with a shield.
You have a pair of large antennae on your head. (SInv)


Message History

Okay, then.
As you read the scroll of identify, it crumbles to dust.
l - 2 potions of magic The orc priest shouts!
Duvessa hits you with a +0 rapier. Duvessa hits you but does no damage.
As you read the scroll of identify, it crumbles to dust.
j - a potion of curing A quokka comes into view.
The orc priest invokes the aid of Beogh against you.
Beogh smites you!
* * * LOW HITPOINT WARNING * * *
Duvessa hits you with a +0 rapier.
* * * LOW HITPOINT WARNING * * *
Are you sure you want to shaft yourself?
Duvessa hits you but does no damage.
You begin to dig a shaft.
You continue digging a shaft.
Duvessa hits you but does no damage. The orc hits you but does no damage.
The orc priest miscasts a cantrip.
Duvessa hits you with a +0 rapier!
You die...

####...........#
#..............#{
#..............#{
#.........{....#{
#.....####'#####{
#.....# #{# #
#.....# #.# ...
#.....#
#.####.....
#.....#
#.e@o......
#######
#####...... .....
.o.. ... .. #


You could see Duvessa (fast), an orc priest and an orc.

Vanquished Creatures
  A bullfrog skeleton (D:3)
  Natasha (twice) (D:4)
  A hound zombie (D:2)
  9 adders
  5 oozes
  2 worms (D:3)
  A dart slug (D:2)
  3 leopard geckos
  An orc (D:3)
  8 giant cockroaches
  6 goblins
  8 hobgoblins
  7 jackals
  9 kobolds
  2 ball pythons
  8 bats
  4 frilled lizards
  10 rats
87 creatures vanquished.

Notes
Turn   | Place    | Note
-------+----------+-------------------------------------------
     0 | Abyss:1  | PentaManta the Formicid Abyssal Knight began the quest for
                  | the Orb.
     0 | Abyss:1  | Reached XP level 1. HP: 18/18 MP: 2/2
    34 | Abyss:1  | Noticed a large abomination
    34 | Abyss:1  | Noticed a thrashing horror
    37 | D:1      | Escaped the Abyss
   181 | D:1      | Reached XP level 2. HP: 21/24 MP: 3/3
   290 | D:1      | Reached * piety under Lugonu
   318 | D:1      | Reached skill level 3 in Axes
   579 | D:1      | Reached XP level 3. HP: 28/29 MP: 4/4
  1204 | D:2      | Found an opulent altar of Gozag.
  1329 | D:2      | Found a glowing silver altar of Zin.
  1373 | D:2      | Reached skill level 4 in Axes
  1373 | D:2      | Reached XP level 4. HP: 33/35 MP: 5/5
  2272 | D:2      | Reached XP level 5. HP: 31/41 MP: 6/6
  2502 | D:2      | Reached skill level 5 in Axes
  2804 | D:3      | Reached ** piety under Lugonu
  3266 | D:3      | Reached XP level 6. HP: 44/47 MP: 7/7
  3544 | D:3      | You fall into a shaft and drop 2 floors!
  3544 | D:5      | Entered Level 5 of the Dungeon
  3544 | D:5      | Found an ornate altar of the Wu Jian Council.
  3581 | D:4      | Reached skill level 6 in Axes
  3590 | D:4      | Noticed Natasha
  3599 | D:4      | Killed Natasha
  3990 | D:4      | Noticed Natasha
  3992 | D:4      | Noticed Duvessa
  3992 | D:4      | Noticed Dowan
  4007 | D:4      | Killed Natasha
  4023 | D:4      | HP: 2/47 [Duvessa/+0 rapier (5)]
  4025 | D:4      | Mangled by Duvessa

Illustrated notes

Levels and vault maps discovered:
D:1:      wander_arrival_lonely_grave, layout_rooms, minmay_unequal
D:2:      layout_basic, nicolae_gozag_cash_rules_everything_around_me,
          zin_statuary
D:3:      layout_rooms
D:4:      cheibrodos_pilgrimage, layout_basic, nicolae_overflow_crystal_walls,
          uniq_pikel, uniq_duvessa, uniq_natasha
D:5:      layout_loops_ring, lemuel_round_altar, old_standard_altar,
          minmay_temple_entry_antechambers, serial_shops,
          nicolae_shop_waterfront, nicolae_dithmenos_shadow_blocks

Skill      XL: |  1  2  3  4  5  6 |
---------------+-------------------+-----
Axes           | 3 4 5 6 |  6.5
Fighting       | |  3.2
Armour         | |  2.1
Dodging        | |  0.8
Invocations    | |  2.1

Action                   |  1- 3 |  4- 6 || total
-------------------------+-------+-------++-------
Melee: Hand axe          |   109 |   168 ||   277
Invok: Depart the Abyss  |     1 |       ||     1
       Bend Space        |       |     1 ||     1
 Abil: Dig               |     1 |       ||     1
       Shaft Self        |       |     1 ||     1
  Use: Scroll            |     1 |    12 ||    13
       Potion            |     1 |       ||     1
Armor: Leather armour    |    41 |    27 ||    68
       Chain mail        |       |    24 ||    24
Dodge: Dodged            |    89 |    85 ||   174

Table legend: (Time is in decaauts)
 A = Elapsed time spent in this place.
 B = Non-inter-level travel time spent in this place.
 C = Inter-level travel time spent in this place.
 D = Time resting spent in this place.
 E = Time spent auto-exploring this place.
 F = Levels seen in this place.
 G = Mean time per level.
                   A        B        C        D        E       F      G
               +--------+--------+--------+--------+--------+-----+--------+
         Total |   4047 |   4009 |     38 |    445 |   2867 |   6 |  674.5 |
       Dungeon |   4010 |   3972 |     38 |    445 |   2844 |   5 |  802.0 |
         Abyss |     37 |     37 |      0 |      0 |     23 |   1 |   37.0 |
               +--------+--------+--------+--------+--------+-----+--------+

Top non-repeatable levels by time:
     D:2: 1681 daAuts
     D:1: 1090 daAuts
     D:3: 867 daAuts
     D:4: 338 daAuts
 Abyss:1: 37 daAuts
     D:5: 32 daAuts
